 Dungeon Crawl Stone Soup version 0.29-a0-584-gb10a8bf730 (webtiles) character file.

Game seed: 7772013115758322706

485 Lekart the Chopper (level 6, -6/53 HPs)
             Began as a Draconian Fighter on June 15, 2022.
             Was a High Priest of Ignis.
             Mangled by an ogre
             ... wielding a +0 giant club
              (30 damage)
             ... on level 5 of the Dungeon.
             The game lasted 00:05:32 (4106 turns).

Lekart the Chopper (Draconian Fighter)              Turns: 4106, Time: 00:05:33

Health: -6/53      AC: 16    Str: 20    XL:     6   Next: 88%
Magic:  6/6        EV: 12    Int:  8    God:    Ignis [*****.]
Gold:   301        SH:  4    Dex: 11    Spells: 5/5 levels left

rFire   + . .      SeeInvis .   a - +0 war axe
rCold   . . .      Faith    .   b - +0 buckler
rNeg    . . .      Spirit   .   (body armour unavailable)
rPois   .          Reflect  .   (helmet restricted)
rElec   .          Harm     .   m - +0 cloak
rCorr   .          Rampage  .   (no gloves)
Will    .....                   i - +0 pair of boots
Stlth   +.........              (no amulet)
HPRegen 0.17/turn               l - +4 ring of protection
MPRegen 0.10/turn               A - +4 ring of protection

@: no status effects
A: AC +6, unfitting armour, cold-blooded
a: Renounce Religion, Fiery Armour, Foxfire Swarm, Rising Flame


You were on level 5 of the Dungeon.
You worshipped Ignis.
Ignis was extremely pleased with you.
You visited 1 branch of the dungeon, and saw 5 of its levels.

You collected 301 gold pieces.

Inventory:

Hand Weapons
 a - a +0 war axe (weapon)
Armour
 b - a +0 buckler (worn)
 i - a +0 pair of boots (worn)
 m - a +0 cloak (worn)
Jewellery
 f - a ring of resist corrosion
 l - a +4 ring of protection (left hand)
 q - a ring of wizardry
 u - a +6 ring of strength
 A - a +4 ring of protection (right hand)
Wands
 t - a wand of paralysis (7)
Scrolls
 j - a scroll of fear {unknown}
 k - 2 scrolls of amnesia {unknown}
 n - 2 scrolls of immolation
 p - 2 scrolls of teleportation {unknown}
 r - a scroll of vulnerability {unknown}
 v - a scroll of noise {unknown}
 w - 3 scrolls of enchant armour {unknown}
 y - a scroll of enchant weapon {unknown}
Potions
 c - 2 potions of might
 d - a potion of invisibility
 e - a potion of resistance
 g - 2 potions of heal wounds
 h - 4 potions of curing
 o - 2 potions of brilliance {unknown}
 s - 3 potions of ambrosia {unknown}
 x - a potion of cancellation {unknown}
 z - a potion of lignification {unknown}
 B - 2 potions of haste {unknown}


   Skills:
 + Level 4.4 Fighting
 + Level 5.8 Axes
 + Level 3.9 Dodging
 + Level 3.6 Shields


You had 5 spell levels left.
You didn't know any spells.
Your spell library contained the following spells:

 Spells                   Type           Power      Damage    Failure   Level
 Slow                     Hex            0%         N/A       50%         1
 Sting                    Tmut/Pois      0%         1d3       50%         1
 Poisonous Vapours        Pois/Air       0%         N/A       65%         2
 Confusing Touch          Hex            0%         N/A       86%         3
 Vampiric Draining        Necr           0%         2d6       86%         3
 Olgreb's Toxic Radiance  Pois           0%         N/A       99%         4


Dungeon Overview and Level Annotations

Branches:
Dungeon (5/15)
 Temple: D:4-7

Altars:
Cheibriados
Fedhas
Okawaru
Sif Muna
Trog
Vehumet
Ignis

Annotations:
D:5 3 runed translucent doors, Querens's ghost, novice MeFi


Innate Abilities, Weirdness & Mutations

Your plain brown scales are hard. (AC +6)
You cannot fit into any form of body armour.
You are cold-blooded and may be slowed by cold attacks.


Message History

You closely miss the phantom. You tail-slap the phantom.
The phantom is almost destroyed.
You barely miss the quokka. The quokka closely misses you.
The phantom hits you but does no damage.
The quokka bites you but does no damage.
The phantom hits you.
You hit the phantom but do no damage.
Your tail-slap misses the phantom.
The phantom is almost destroyed.
You closely miss the ogre. You closely miss the quokka.
The quokka barely misses you.
The phantom hits you but does no damage.
The ogre hits you with a +0 giant club!!
The quokka barely misses you.
You are too injured to fight recklessly!
You are too injured to fight recklessly!
You are too injured to fight recklessly!
You are too injured to fight recklessly!
You are too injured to fight recklessly!
You are too injured to fight recklessly!
You are too injured to fight recklessly!
You are too injured to fight recklessly!
You are too injured to fight recklessly!
You are too injured to fight recklessly!
You are too injured to fight recklessly!
You are too injured to fight recklessly!
You are too injured to fight recklessly!
You are too injured to fight recklessly!
You are too injured to fight recklessly!
You are too injured to fight recklessly!
There are monsters nearby!
You hit the ogre but do no damage. You hit the quokka. You hit the phantom.
You destroy the phantom!
The quokka barely misses you. The ogre barely misses you.
You closely miss the quokka.
The quokka is almost dead.
You completely miss the ogre.
The quokka bites you but does no damage.
The ogre hits you with a +0 giant club!!
Ouch! That really hurt!
You die...

########## .........#
#..O@.#
#.###r###############
#................
#.############### ..#
...# .#... #..... #
.#...


You could see an ogre and a quokka.

Vanquished Creatures
  A phantom (D:5)
  A kobold brigand (D:5)
  An orc priest (D:4)
  2 hounds
  A jelly (D:5)
  2 iguanas
  An orc wizard (D:4)
  4 adders
  3 worms
  8 orcs (D:4)
  5 bats
  4 endoplasms
  5 giant cockroaches
  10 goblins
  7 hobgoblins
  4 jackals (D:4)
  3 quokkas
  4 ball pythons
  2 frilled lizards
  20 kobolds
  12 rats
100 creatures vanquished.

Notes
Turn   | Place    | Note
-------+----------+-------------------------------------------
     0 | D:1      | Lekart the Draconian Fighter began the quest for the Orb.
     0 | D:1      | Reached XP level 1. HP: 19/19 MP: 1/1
   282 | D:1      | Reached XP level 2. HP: 26/26 MP: 2/2
   553 | D:1      | Found a faded altar of an unknown god.
   556 | D:1      | Reached XP level 3. HP: 31/33 MP: 3/3
   970 | D:1      | Prayed at the altar of an unknown god.
   970 | D:1      | Became a worshipper of Ignis, the Dying Flame
  1105 | D:2      | Reached skill level 3 in Axes
  1496 | D:2      | Found a snail-covered altar of Cheibriados.
  1602 | D:2      | Reached XP level 4. HP: 40/40 MP: 4/4
  2123 | D:3      | Found a radiant altar of Vehumet.
  2242 | D:3      | Found a bloodstained altar of Trog.
  2245 | D:3      | Found a shimmering blue altar of Sif Muna.
  2248 | D:3      | Found a blossoming altar of Fedhas.
  2258 | D:3      | Found an iron altar of Okawaru.
  2621 | D:4      | Reached skill level 4 in Axes
  2701 | D:4      | Reached XP level 5. HP: 21/46 MP: 5/5
  3682 | D:5      | Entered Level 5 of the Dungeon
  3721 | D:5      | Reached XP level 6. HP: 52/52 MP: 6/6
  3763 | D:5      | Found a runed translucent gate.
  3763 | D:5      | Found a runed translucent gate.
  3765 | D:5      | Found a runed translucent gate.
  3774 | D:5      | Noticed a steam dragon
  3774 | D:5      | Noticed Querens's ghost (novice MeFi)
  3776 | D:5      | Noticed an ice beast
  3793 | D:5      | Reached skill level 5 in Axes
  4106 | D:5      | Mangled by an ogre

Illustrated notes

Levels and vault maps discovered:
D:1:      roderic_crossed_star, layout_loops_ring,
          hellmonk_ecumenical_altar_blasted
D:2:      minmay_kobold_bridge, layout_basic, basic_altar
D:3:      layout_loops_ring, grunt_temple_overflow_cloverleaf,
          nicolae_vehumet_radiance
D:4:      layout_cave_pools, minmay_fountain_box
D:5:      layout_loops_ring, gammafunk_ghost_split

Skill      XL: |  1  2  3  4  5  6 |
---------------+-------------------+-----
Axes           | 3 4 5 |  5.8
Dodging        | 3 |  3.9
Fighting       | 4 |  4.4
Shields        | |  3.6

Action                   |  1- 3 |  4- 6 || total
-------------------------+-------+-------++-------
Melee: War axe           |   128 |   145 ||   273
       Tailslap          |    12 |    19 ||    31
  Use: Scroll            |       |     4 ||     4
 Stab: Sleeping          |       |     1 ||     1
Armor: Skin              |    45 |    82 ||   127
Dodge: Dodged            |    89 |   116 ||   205
Block: Buckler           |    28 |    36 ||    64

Table legend: (Time is in decaauts)
 A = Elapsed time spent in this place.
 B = Non-inter-level travel time spent in this place.
 C = Inter-level travel time spent in this place.
 D = Time resting spent in this place.
 E = Time spent auto-exploring this place.
 F = Levels seen in this place.
 G = Mean time per level.
                   A        B        C        D        E       F      G
               +--------+--------+--------+--------+--------+-----+--------+
         Total |   4204 |   4025 |    179 |    192 |   3140 |   5 |  840.8 |
       Dungeon |   4204 |   4025 |    179 |    192 |   3140 |   5 |  840.8 |
               +--------+--------+--------+--------+--------+-----+--------+

Top non-repeatable levels by time:
     D:4: 1085 daAuts
     D:2: 1040 daAuts
     D:1: 1014 daAuts
     D:3: 624 daAuts
     D:5: 438 daAuts
